 Dungeon Crawl Stone Soup version 0.31.0-12-g77e489cdc1 (webtiles) character file.

Game seed: 2533282792025351741

1220 Gadfly the Cudgeller (level 8, 0/72 HPs)
             Began as a Gargoyle Fighter on Mar 7, 2024.
             Was a Follower of the Shining One.
             Slain by a tentacled starspawn (4 damage)
             ... on level 1 of the Abyss.
             The game lasted 00:08:35 (3548 turns).

Gadfly the Cudgeller (Gargoyle Fighter)             Turns: 3548, Time: 00:08:36

Health: 0/72       AC: 24    Str: 20    XL:     8   Next: 47%
Magic:  11/11      EV: -1    Int:  9    God:    the Shining One [*.....]
Gold:   205        SH:  5    Dex: 11    Spells: 7/7 levels left

rFire   . . .        a - +1 flail (heavy)
rCold   . . .        c - +0 buckler
rNeg    + . .        j - melded +18 Lear's hauberk
rPois   ∞            (helmet currently unavailable)
rElec   .            o - melded scarf {rC+ rF+}
rCorr   .            (gloves currently unavailable)
SInv    .            (boots currently unavailable)
Will    .....        h - amulet of regeneration
Stlth   +            (no ring)
HPRegen 1.12/turn    (no ring)
MPRegen 0.12/turn

%: no passive effects
@: tree-form (expiring), glowing, constricted
A: stationary, stasis, torment immunity, boosted hp, sickness immunity, AC +5,
negative energy resistance 1, (electricity resistance), torment resistance 1,
petrification resistance
a: Renounce Religion, Divine Shield


You were on level 1 of the Abyss.
You worshipped the Shining One.
The Shining One was aware of your devotion.
You were a tree.
You visited 2 branches of the dungeon, and saw 6 of its levels.
You visited the Abyss 1 time.

You collected 247 gold pieces.
You spent 42 gold pieces at shops.

Inventory:

Hand Weapons
 a - a +1 heavy flail (weapon)
 b - a +1 dagger of venom
Armour
 c - a +0 buckler (worn)
 j - the +18 Lear's hauberk (melded)
   (You acquired it on level 5 of the Dungeon)
 l - a +0 scale mail
 n - the +1 Delatra's gloves {ID++}
   (You found it on level 3 of the Dungeon)

   ID++:      It heals its wearer when they drink unknown potions, and restores
   their MP when they read unknown scrolls.
 o - a scarf of resistance (melded)
 q - a +1 helmet
Jewellery
 h - an amulet of regeneration (around neck)
 t - an amulet of the acrobat
Wands
 i - a wand of iceblast (9) (quivered)
Scrolls
 g - 2 scrolls of fog
Potions
 d - 2 potions of might
 e - a potion of ambrosia
 k - a potion of curing
 m - 2 potions of mutation
 p - a potion of enlightenment


   Skills:
 + Level 4.9 Fighting
 * Level 5.0 Maces & Flails
 + Level 4.7 Armour
 + Level 4.9 Shields
 * Level 4.8 Invocations
 * Level 3.9 Evocations


You had 7 spell levels left.
You didn't know any spells.
Your spell library contained the following spells:

 Spells                   Type           Power      Damage    Failure   Level
 Animate Dead             Necr           0%         N/A       99%         4
 Haunt                    Necr/Summ      0%         N/A       100%        7
 Infestation              Necr           0%         N/A       100%        8


Dungeon Overview and Level Annotations

Branches:
Dungeon (5/15)             Temple (1/1) D:4

Altars:
Ashenzari
Dithmenos
Elyvilon
Fedhas
Gozag
Hepliaklqana
Kikubaaqudgha
Nemelex Xobeh
Okawaru
Qazlal
Sif Muna
Uskayaw
Vehumet
Wu Jian
Xom
Yredelemnul
The Shining One

Shops:
D:4 =[   D:5 :!?(

Annotations:
Temple 2 transporters


Innate Abilities, Weirdness & Mutations

You are a tree.
Your roots penetrate the ground, keeping you stationary.
You cannot be teleported.
You are immune to unholy pain and torment.
Your maximum health is greatly increased.
Your equipment is partially melded.
You are immune to sickness and miasma.
((Your stone body is resilient. (AC +5)))
You are immune to poison.
You resist negative energy. (rN+)
((You are resistant to electric shocks. (rElec)))
You are resistant to unholy torment.
You are immune to petrification.


Message History

You cannot move.
A small abomination is nearby!
A tentacled starspawn comes into view.
You bludgeon the small abomination!!
The small abomination is almost destroyed.
The small abomination hits you!
* * * LOW HITPOINT WARNING * * *
The small abomination hits you.
* * * LOW HITPOINT WARNING * * *
The small abomination hits you.
* * * LOW HITPOINT WARNING * * *
You feel much better.
A tentacle flies out from the starspawn's body!
The small abomination hits you but does no damage.
A starspawn tentacle comes into view.
You bludgeon the small abomination!!
You destroy the small abomination!
The Shining One accepts your kill.
The starspawn tentacle barely misses you.
Your Maces & Flails skill increases to level 5!
A starspawn tentacle comes into view.
You bludgeon the starspawn tentacle!!
The starspawn tentacle is almost destroyed.
The starspawn tentacle grabs you. The starspawn tentacle constricts you.
The tentacled starspawn bites you!
* * * LOW HITPOINT WARNING * * *
The tentacled starspawn tentacle-slaps you.
* * * LOW HITPOINT WARNING * * *
The starspawn tentacle constricts you.
You sock the tentacled starspawn!
The tentacled starspawn is moderately damaged.
Your transformation is almost over.
The tentacled starspawn bites you.
* * * LOW HITPOINT WARNING * * *
The tentacled starspawn tentacle-slaps you!
* * * LOW HITPOINT WARNING * * *
The starspawn tentacle constricts you. The tentacled starspawn bites you.
* * * LOW HITPOINT WARNING * * *
The tentacled starspawn tentacle-slaps you.
You die...

. #.##.... . ...
.. . .....X. .. .
. ...#
....##..∩..# # ..
.## # # #....# #.#
###.######....
.##.#..........
........w♣....#.
#.#...#.wX.....#
..#.......####.>.#
. ..#.....#.##...
# ....#§...... ..
.#.#...##..#.## #
# §.# ..###. .#
#.# .


You could see a tentacled starspawn and 2 starspawn tentacles.

Vanquished Creatures
  A large abomination (Abyss:1)
  Duvessa (D:5)
  A water moccasin (D:5)
  A small abomination (Abyss:1)
  Dowan (D:4)
  5 bombardier beetles
  4 hounds
  A jelly (D:3)
  An orc priest (D:4)
  An iguana (D:5)
  An orc wizard (D:3)
  5 gnolls
  8 adders
  3 ribbon worms
  11 orcs
  7 ball pythons
  5 bats
  4 endoplasms
  5 giant cockroaches
  8 goblins
  7 hobgoblins
  5 quokkas
  4 frilled lizards
  8 kobolds
  5 rats
103 creatures vanquished.

Notes
Turn   | Place    | Note
-------+----------+-------------------------------------------
     0 | D:1      | Gadfly the Gargoyle Fighter began the quest for the Orb.
     0 | D:1      | Reached XP level 1. HP: 14/14 MP: 1/1
   159 | D:1      | Reached XP level 2. HP: 19/19 MP: 2/2
   445 | D:1      | Reached skill level 1 in Invocations
   551 | D:1      | Reached XP level 3. HP: 23/23 MP: 3/3
   984 | D:2      | Reached skill level 1 in Evocations
  1398 | D:3      | Reached XP level 4. HP: 26/28 MP: 5/5
  1442 | D:3      | Identified the +2 robe of the Kissing Gods {Harm ^Drain
                  | rElec Archmagi}
  1705 | D:3      | HP: 1/28 [gnoll/+2 heavy halberd (21)]
  1706 | D:3      | Reached skill level 3 in Maces & Flails
  1737 | D:3      | Reached XP level 5. HP: 33/33 MP: 6/6
  1876 | D:3      | Found an opulent altar of Gozag.
  1877 | D:3      | Found a hazy altar of Hepliaklqana.
  1877 | D:3      | Found a hide-covered altar of Uskayaw.
  1877 | D:3      | Found a glowing golden altar of the Shining One.
  1888 | D:3      | Identified the +0 ring mail "Zaloilir" {rPois}
  1892 | D:3      | Became a worshipper of the Shining One
  1975 | D:3      | Found the +1 Delatra's gloves {ID++}
  2075 | D:3      | Reached XP level 6. HP: 26/38 MP: 6/8
  2367 | D:4      | Found Bulusev's Antique Armour Emporium.
  2381 | D:4      | Found Haakk's One-of-a-Kind Rings.
  2463 | D:4      | Found a staircase to the Ecumenical Temple.
  2481 | Temple   | Found a transporter.
  2481 | Temple   | Found a transporter.
  2481 | Temple   | Found a transporter.
  2481 | Temple   | Found a transporter.
  2481 | Temple   | Entered the Ecumenical Temple
  2864 | D:4      | Reached XP level 7. HP: 43/43 MP: 9/9
  3020 | D:5      | Entered Level 5 of the Dungeon
  3112 | D:5      | Reached skill level 4 in Maces & Flails
  3136 | D:5      | Identified a scroll of acquirement
  3167 | D:5      | Found Ezattu's Weapon Shop.
  3177 | D:5      | Found Nicratt's Book Shop.
  3178 | D:5      | Found Anuklan's Magic Scroll Shop.
  3178 | D:5      | Found Couruwk's Distillery.
  3197 | D:5      | Bought a potion of lignification for 42 gold pieces
  3206 | D:5      | Noticed Duvessa
  3208 | D:5      | Reached * piety under the Shining One
  3212 | D:5      | Noticed Dowan
  3436 | D:5      | HP: 1/44 [Duvessa/+2 short sword of speed (4)]
  3440 | D:5      | Killed Duvessa
  3476 | D:4      | Killed Dowan
  3477 | D:4      | Reached XP level 8. HP: 45/48 MP: 11/11
  3489 | Abyss:1  | Cast into level 1 of the Abyss (gnoll)
  3496 | Abyss:1  | Acquired the +18 Lear's hauberk
  3496 | Abyss:1  | Found the +18 Lear's hauberk
  3520 | Abyss:1  | Noticed a large abomination
  3541 | Abyss:1  | Killed a large abomination
  3543 | Abyss:1  | Noticed a tentacled starspawn
  3547 | Abyss:1  | Reached skill level 5 in Maces & Flails
  3548 | Abyss:1  | Slain by a tentacled starspawn

Illustrated notes

Levels and vault maps discovered:
D:1:      dpeg_arrival_fog, layout_loops_ring
D:2:      layout_basic
D:3:      layout_loops_ring, chequers_temple_overflow_statue_of_worship,
          minmay_misc_feat_more_columns, pf_guarded_unrand_delatra
D:4:      layout_gridville, minmay_temple_entry_mini_moons,
          minmay_splitting_lines, grunt_decor_junction, nicolae_take_the_stairs,
          nicolae_shop_unique_rings
D:5:      layout_rooms, mainiacjoe_overflow_concentric_impassable, st_stairs_8,
          minmay_shop_grid_forest, minivault_27, corexii_shack, uniq_duvessa
Temple:   hellmonk_temple_divided_pantheon
Abyss:1:  base:
Temple

Skill      XL: |  1  2  3  4  5  6  7  8 |
---------------+-------------------------+-----
Invocations    | 1 2 3 4 |  4.8
Evocations     | 1 2 3 |  3.9
Maces & Flails | 3 4 5 |  5.0
Shields        | 4 |  4.9
Fighting       | 4 |  4.9
Armour         | 4 |  4.7

Action                     |  1- 3 |  4- 6 |  7- 9 || total
---------------------------+-------+-------+-------++-------
  Melee: Flail             |   129 |   192 |    79 ||   400
    Use: Scroll            |     7 |     4 |     5 ||    16
         Potion            |     3 |       |     4 ||     7
 Armour: Scale mail        |    93 |   127 |    69 ||   289
         Skin              |       |       |    18 ||    18
         Chain mail        |       |       |     3 ||     3
  Dodge: Dodged            |    55 |    93 |    43 ||   191
  Block: Buckler           |    27 |    44 |    22 ||    93
